 Dungeon Crawl Stone Soup version 0.19-a0-1899-g2d93087 (webtiles) character file.

158 Kaname the Grave Robber (level 5, -1/31 HPs)
             Began as a High Elf Wanderer on Oct 20, 2016.
             Slain by Sigmund
             ... wielding a +0 scythe
              (7 damage)
             ... on level 3 of the Dungeon.
             The game lasted 00:20:21 (4388 turns).

Kaname the Grave Robber (High Elf Wanderer)         Turns: 4388, Time: 00:20:21

Health: -1/31      AC:  5    Str:  9    XL:     5   Next: 16%
Magic:  0/7        EV: 11    Int: 16    God:
Gold:   253        SH:  0    Dex: 17    Spells: 3 memorised, 1 level left

rFire  . . .     SeeInvis .     r - +2 whip (flame)
rCold  + . .     Gourm    .     d - +0 robe
rNeg   . . .     Faith    .     (no shield)
rPois  .         Spirit   .     (no helmet)
rElec  .         Reflect  .     t - +2 cloak
rCorr  .         Harm     .     (no gloves)
MR     .....                    (no boots)
Stlth  ++........               (no amulet)
                                (no ring)
                                c - ring of ice

@: no status effects
A: fire resistance 1, screaming 1
a: no special abilities


You were on level 3 of the Dungeon.
You were hungry.

You visited 1 branch of the dungeon, and saw 3 of its levels.

You collected 253 gold pieces.

Inventory:

Hand Weapons
 r - a +2 whip of flaming (weapon)
Armour
 d - a +0 robe (worn)
 t - a +2 cloak (worn)
Jewellery
 c - a ring of ice (left hand)
Wands
 w - a wand of polymorph (9/24)
Scrolls
 l - a scroll of amnesia
 s - a scroll of remove curse {unknown}
 u - a scroll of fog {unknown}
 x - a scroll of random uselessness {unknown}
 y - a scroll of enchant weapon {unknown}
Potions
 i - a potion of brilliance
 v - a potion of mutation
Books
 a - a book of Necromancy

   Spells                             Type                      Level
   a - Pain                           Necromancy                   1
   b - Animate Skeleton               Necromancy                   1
   c - Vampiric Draining              Necromancy                   3
   d - Regeneration                   Charms/Necromancy            3
   e - Animate Dead                   Necromancy                   4
   f - Control Undead                 Necromancy                   4
 b - the Catalogue of the Blowfly

   Spells                             Type                      Level
   a - Sting                          Conjuration/Poison           1
   b - Dazzling Spray                 Conjuration/Hexes            3
Comestibles
 f - 3 bread rations
 g - 2 slices of pizza
 k - a meat ration
 q - 7 fruits
 A - a royal jelly


   Skills:
 - Level 2.1 Stealth
 - Level 1.2 Spellcasting
 - Level 1.1 Conjurations
   Level 1.2 Charms
 + Level 3.8 Necromancy
   Level 3.2 Translocations
 - Level 2.0 Poison Magic


You had one spell level left.
You knew the following spells:

 Your Spells              Type           Power        Failure   Level  Hunger
a - Sting                 Conj/Pois      #...         14%         1    ##.....
b - Animate Skeleton      Necr           N/A          6%          1    ##.....
c - Vampiric Draining     Necr           ##........   14%         3    ####...


Dungeon Overview and Level Annotations

Branches:
Dungeon (3/15)

Altars:
Ashenzari
Cheibriados
Uskayaw

Annotations:
D:3 Psaro's ghost, amateur MfTm; Sigmund


Innate Abilities, Weirdness & Mutations

Your flesh is heat resistant. (rF+)
You occasionally shout uncontrollably at your foes.


Message History

Confirm with . or Enter, or press ? or * to list all spells.
Aiming: Sting
Press: ? - help, Shift-Dir - straight line, f/p - Sigmund
Aim: Sigmund, wielding a scythe and wearing a robe (moderately wounded)
The sting hits Sigmund.
Sigmund is poisoned.
Sigmund is heavily wounded.
Sigmund casts a spell at you. The puff of flame hits you!
The fire burns you terribly!
Your magical effects are unravelling.
You feel magically purged.
Your magical contamination has completely faded away.
You feel less woody.
Your +2 cloak unmelds from your body.
Your +0 robe unmelds from your body.
Sigmund hits you from afar with a scythe!
* * * LOW HITPOINT WARNING * * *
Okay, then.
As you read the scroll labeled CUUPRILAUPS, it crumbles to dust.
You feel aware of your surroundings.
It was a scroll of magic mapping.
Sigmund hits you from afar with a scythe!
You die...

#.# ##...## ****######..# ## #.#
##.## #..,........###### #.# #.#
#.#*#######....K.. #.# #.# #.#
######## #.# #.# #.# #.#####.#
#.# ........# #.# #..####.# #.#
#..####.# #@# #.......## #.#
#.####...# #@# #.# #..#.# #.# #.#
#....# ###.########## #.# #[.###
#............# #.# #..#
###.#.########.## # #.# #..#
#...............######
#.###..#####.#.#.###.###.........


You could see Sigmund.

Vanquished Creatures
  A bullfrog skeleton (D:3)
  3 adders
  2 oozes (D:2)
  4 worms
  4 dart slugs
  4 leopard geckos
  A ball python (D:3)
  7 bats
  5 giant cockroaches
  10 goblins
  7 hobgoblins
  4 kobolds
  3 quokkas (D:2)
  3 frilled lizards
  A quokka skeleton (D:3)
  9 rats
68 creatures vanquished.

Notes
Turn   | Place    | Note
-------+----------+-------------------------------------------
     0 | D:1      | Kaname the High Elf Wanderer began the quest for the Orb.
     0 | D:1      | Kaname set off with: a book of Necromancy, the Catalogue of the Blowfly, a scroll of teleportation, a +0 robe, a +0 dagger, a bread ration
     0 | D:1      | Reached XP level 1. HP: 11/11 MP: 3/3
     0 | D:1      | Identified the Catalogue of the Blowfly
     2 | D:1      | Learned a level 1 spell: Sting
   111 | D:1      | Reached skill level 1 in Poison Magic
   366 | D:1      | Reached XP level 2. HP: 16/17 MP: 2/4
   369 | D:1      | Learned a level 1 spell: Animate Skeleton
  1114 | D:2      | Reached XP level 3. HP: 21/21 MP: 0/5
  1181 | D:2      | Found a snail-covered altar of Cheibriados.
  1483 | D:2      | HP: 1/21 [quokka (4)]
  1495 | D:2      | Found a hide-covered altar of Uskayaw.
  1843 | D:2      | Found a shattered altar of Ashenzari.
  2264 | D:2      | Reached XP level 4. HP: 27/27 MP: 3/6
  2290 | D:2      | Learned a level 3 spell: Vampiric Draining
  2900 | D:3      | Noticed Sigmund
  3001 | D:3      | Noticed Psaro's ghost (amateur MfTm)
  3675 | D:3      | Reached XP level 5. HP: 31/31 MP: 7/7
  4382 | D:3      | Gained mutation: Your flesh is heat resistant. (rF+) [potion of mutation]
  4382 | D:3      | Gained mutation: You occasionally shout uncontrollably at your foes. [potion of mutation]
  4388 | D:3      | Slain by Sigmund

Vault maps used:
D:1:      minmay_arrival_up_and_down, minmay_misc_feat_alley
D:2:      ashenzari_conservatory_becter, old_standard_altar,
          kennysheep_slug_shrine, first_bread
D:3:      kennysheep_generic_room_14, uniq_sigmund

Skill      XL: |  1  2  3  4 |
---------------+-------------+-----
Poison Magic   | 1 2 |  2.0
Necromancy     | 2 3 |  3.8
Stealth        | |  2.1
Spellcasting   | |  1.2
Conjurations   | |  1.1
Charms         | |  1.2
Translocations | |  3.2

Action                   |  1- 3 |  4- 6 || total
-------------------------+-------+-------++-------
Melee: Dagger            |   107 |   120 ||   227
       Whip              |       |    11 ||    11
 Cast: Sting             |    74 |    34 ||   108
       Vampiric Draining |       |     2 ||     2
       Animate Skeleton  |       |     1 ||     1
  Use: Potion            |     2 |     5 ||     7
       Scroll            |     1 |     5 ||     6
 Stab: Sleeping          |       |     4 ||     4
  Eat: Chunk             |     7 |     8 ||    15
Armor: Robe              |    35 |    45 ||    80
       Skin              |       |     2 ||     2
Dodge: Dodged            |    77 |    77 ||   154
